 Dungeon Crawl Stone Soup version 0.29.1-15-g9cfb28693d (webtiles) character file.

Game seed: 12883140776820574643

376 Eitelfritz the Chiller (level 6, -3/43 HPs)
             Began as a Demonspawn Ice Elementalist on Apr 8, 2023.
             Slain by an ogre
             ... wielding a +0 giant club
              (24 damage)
             ... on level 4 of the Dungeon.
             The game lasted 00:09:56 (4597 turns).

Eitelfritz the Chiller (DsIE)                       Turns: 4597, Time: 00:09:58

Health: -3/43      AC:  3    Str:  8    XL:     6   Next: 44%
Magic:  0/12       EV: 12    Int: 18    God:
Gold:   138        SH:  0    Dex: 14    Spells: 5/13 levels left

rFire   . . .      SeeInvis .   a - +0 short sword (venom)
rCold   . . .      Faith    .   (no shield)
rNeg    . . .      Spirit   +   f - +1 robe
rPois   .          Reflect  .   (helmet restricted)
rElec   .          Harm     .   (no cloak)
rCorr   .          Rampage  .   (no gloves)
Will    .....                   (no boots)
Stlth   ++........              (no amulet)
HPRegen 0.14/turn               (no ring)
MPRegen 0.26/turn               (no ring)

@: freezing walls
A: claws 1, horns 1, magic shield, magic regeneration
a: no special abilities


You were on level 4 of the Dungeon.
You visited 1 branch of the dungeon, and saw 4 of its levels.

You collected 138 gold pieces.

Inventory:

Hand Weapons
 a - a +0 short sword of venom (weapon)
 h - a +0 dagger of freezing
Missiles
 t - 5 poisoned darts
Armour
 f - a +1 robe (worn)
Jewellery
 p - a ring of protection from fire
 v - a ring of flight
Scrolls
 c - 4 scrolls of teleportation
 g - a scroll of fear
Potions
 b - a potion of magic
 d - 2 potions of heal wounds
 e - 4 potions of curing
 i - a potion of might {unknown}
 m - a potion of resistance {unknown}
 q - a potion of cancellation {unknown}
 u - a potion of berserk rage {unknown}


   Skills:
 + Level 1.0 Fighting
 + Level 1.3 Short Blades
 + Level 2.3 Dodging
 + Level 3.1 Stealth
 + Level 0.1 Unarmed Combat
 + Level 4.0 Spellcasting
 + Level 0.1 Transmutations
 + Level 4.9 Ice Magic
 + Level 0.1 Poison Magic


You had 5 spell levels left.
You knew the following spells:

 Your Spells              Type           Power      Damage    Failure   Level
a - Freeze                Ice            84%        1d10      1%          1
b - Frozen Ramparts       Ice            42%        1d7       6%          3
c - Ozocubu's Armour      Ice            21%        N/A       6%          3
d - Sting                 Tmut/Pois      16%        1d3       14%         1

Your spell library contained the following spells:

 Spells                   Type           Power      Damage    Failure   Level
 Poisonous Vapours        Pois/Air       6%         N/A       22%         2
 Summon Guardian Golem    Hex/Summ       3%         N/A       41%         3
 Hailstorm                Conj/Ice       12%        3d5       47%         4
 Olgreb's Toxic Radiance  Pois           4%         N/A       80%         4
 Orb of Destruction       Conj           1%         9d5       100%        7
 Spellforged Servitor     Conj/Summ      1%         N/A       100%        7


Dungeon Overview and Level Annotations

Branches:
Dungeon (4/15)             Temple (0/1) D:4

Altars:
Fedhas


Innate Abilities, Weirdness & Mutations

You have sharp fingernails.
You have a pair of small horns on your head.
When hurt, damage is shared between your health and your magic reserves.
You regenerate magic rapidly.


Message History

The gnoll bouda is heavily wounded.
You feel sick.
The wall freezes the gnoll bouda.
The gnoll bouda barks out a call to the hunt!
The gnoll picks up the pace!
The wall freezes the ogre.
The wall freezes the gnoll.
Unknown command.
You hit the gnoll bouda but do no damage.
The gnoll bouda looks as sick as possible!
The gnoll bouda is severely wounded.
You feel sick.
You are no longer poisoned.
The wall freezes the gnoll bouda.
The gnoll bouda prays to its god.
The gnoll bouda is healed somewhat.
The wall freezes the ogre.
The wall freezes the gnoll.
You closely miss the gnoll bouda.
The gnoll bouda is heavily wounded.
The wall freezes the gnoll bouda.
The gnoll bouda hits you with a +0 club!
The wall freezes the ogre!
The wall freezes the gnoll.
Unknown command.
You hit the gnoll bouda.
You kill the gnoll bouda!
The frozen ramparts melt away.
An orc comes into view.
It is wielding a +2 hand axe of flaming.
Your Spellcasting skill increases to level 4!
You hit the ogre but do no damage.
The ogre is poisoned.
The ogre is severely wounded.
The ogre hits you with a +0 giant club!
Unknown command.
Casting: Sting (safe; 14% risk of failure)
Confirm with . or Enter, or press ? or * to list all spells.
Casting: Frozen Ramparts (dangerous; 6% risk of failure)
Press: ? - help, Dir - look around, f - activate The walls around you are covered in ice.
The gnoll is no longer moving quickly.
The wall freezes the gnoll.
The wall freezes the ogre.
The ogre hits you with a +0 giant club!!
Ouch! That really hurt!
You die...

.........#
........### ##
#....$.... .
##.......# .#
##........###O#
...)...........
......##....#
#....)##...g#########
..........ogWogO@...#
.....###...g#######.#
.....# #....#
.....########
............#
............#
............#
............# #####
............#####...#
....


You could see an ogre (very poisoned), a phantom, 4 gnolls and 2 orcs.

Vanquished Creatures
  Sigmund (D:3)
  A scorpion (D:3)
  A gnoll bouda (D:4)
  Terence (D:3)
  5 adders
  A dart slug (D:2)
  5 orcs
  5 endoplasms
  3 giant cockroaches
  4 goblins
  9 hobgoblins
  15 kobolds
  2 quokkas (D:1)
  6 ball pythons
  4 bats
  5 frilled lizards
  7 rats
75 creatures vanquished.

Vanquished Creatures (others)
  12 plants (D:3)
12 creatures vanquished.

Grand Total: 87 creatures vanquished

Notes
Turn   | Place    | Note
-------+----------+-------------------------------------------
     0 | D:1      | Eitelfritz the Demonspawn Ice Elementalist began the quest
                  | for the Orb.
     0 | D:1      | Reached XP level 1. HP: 13/13 MP: 3/3
   535 | D:1      | Discovered your monstrous ancestry.
   535 | D:1      | Gained mutation: You have sharp fingernails. [demonic
                  | ancestry]
   535 | D:1      | Reached XP level 2. HP: 19/19 MP: 3/5
   800 | D:1      | Found a faded altar of an unknown god.
  1511 | D:2      | Reached XP level 3. HP: 22/24 MP: 4/6
  2744 | D:2      | Learned a level 3 spell: Frozen Ramparts
  2748 | D:2      | Learned a level 3 spell: Ozocubu's Armour
  2750 | D:2      | Learned a level 1 spell: Sting
  2786 | D:3      | Found a blossoming altar of Fedhas.
  2819 | D:3      | Gained mutation: You have a pair of small horns on your
                  | head. [demonic ancestry]
  2819 | D:3      | Reached XP level 4. HP: 29/30 MP: 4/8
  3487 | D:3      | Noticed Terence
  3493 | D:3      | Killed Terence
  3664 | D:3      | Noticed Sigmund
  3797 | D:3      | Killed Sigmund
  3798 | D:3      | Reached skill level 1 in Short Blades
  3798 | D:3      | Gained mutation: You regenerate magic rapidly. [demonic
                  | ancestry]
  3798 | D:3      | Reached XP level 5. HP: 15/36 MP: 10/10
  4004 | D:3      | Gained mutation: When hurt, damage is shared between your
                  | health and your magic reserves. [demonic ancestry]
  4004 | D:3      | Reached XP level 6. HP: 40/42 MP: 8/11
  4406 | D:4      | Found a staircase to the Ecumenical Temple.
  4463 | D:4      | Reached skill level 1 in Fighting
  4597 | D:4      | Slain by an ogre

Illustrated notes

Levels and vault maps discovered:
D:1:      minmay_arrival_five_plusses, layout_basic,
          shapermc_ecumenical_altar_totnotflames
D:2:      layout_loops_corners
D:3:      minmay_chambers_of_twos, layout_basic, fedhas_altar_1,
          mainiacjoe_overflow_surrounded_room, lexackson_kobold_supper,
          uniq_sigmund, uniq_terence
D:4:      cheibrodos_greedy_goblins, layout_basic,
          minmay_temple_entry_drinking_statues, chequers_serial_rivers_micro_e,
          uniq_crazy_yiuf_cottage

Skill      XL: |  1  2  3  4  5  6 |
---------------+-------------------+-----
Ice Magic      | 4 |  4.9
Stealth        | 2 3 |  3.1
Spellcasting   | 3 4 |  4.0
Short Blades   | 1 |  1.3
Dodging        | 2 |  2.3
Fighting       | 1 |  1.0
Unarmed Combat | |  0.1
Transmutations | |  0.1
Poison Magic   | |  0.1

Action                   |  1- 3 |  4- 6 || total
-------------------------+-------+-------++-------
Melee: Unarmed           |     4 |       ||     4
       Short sword       |    26 |    69 ||    95
       Dagger            |     1 |       ||     1
       Punch             |     2 |     1 ||     3
       Headbutt          |       |    12 ||    12
 Cast: Freeze            |    41 |     9 ||    50
       Frozen Ramparts   |     1 |     5 ||     6
       Sting             |       |     3 ||     3
  Use: Scroll            |       |    10 ||    10
 Stab: Sleeping          |     5 |     2 ||     7
Armor: Robe              |     8 |    12 ||    20
Dodge: Dodged            |    41 |    40 ||    81
